 Dungeon Sprint DCSS version 0.31.0-32-g396128a36d (webtiles) character file.

Game seed: 7567994490802446792

2087 Heoruswealwe the Impaler (level 9, -1/92 HPs)
             Began as a Minotaur Fighter on Mar 21, 2024.
             Was an Initiate of Gozag.
             Slain by a two-headed ogre
             ... wielding a +0 giant club
              (6 damage)
             ... in the Dungeon (Sprint IX: "|||||||||||||||||||||||||||||").
             The game lasted 00:03:27 (385 turns).

Heoruswealwe the Impaler (Minotaur Fighter)          Turns: 385, Time: 00:03:28

Health: -1/92      AC: 11    Str: 29    XL:     9   Next: 6%
Magic:  8/8        EV: 10    Int:  5    God:    Gozag
Gold:   522        SH:  4    Dex:  9    Spells: 8/8 levels left

rFire   . . .        a - +0 trident
rCold   . . .        d - +0 buckler
rNeg    . . .        c - +0 scale mail
rPois   .            (helmet restricted)
rElec   .            h - +0 cloak
rCorr   .            (no gloves)
SInv    .            (no boots)
Will    .....        (no amulet) Stlth
                     k - +3 ring of strength
HPRegen 0.35/turn    (no ring)
MPRegen 0.11/turn

%: no teleportation
@: no status effects
A: horns 2, retaliatory headbutt
a: Renounce Religion, Potion Petition, Call Merchant, Bribe Branch


You were in the Dungeon.
You worshipped Gozag.
Gozag was pleased with you.
You visited 1 branch You collected 522 gold pieces.

Inventory:

Hand Weapons
 a - a +0 trident (weapon)
 m - a +2 halberd of protection
Armour
 c - a +0 scale mail (worn)
 d - a +0 buckler (worn)
 h - a +0 cloak (worn)
Jewellery
 k - a +3 ring of strength (left hand)
Wands
 l - a wand of iceblast (10)
Scrolls
 j - 2 scrolls of blinking
Potions
 b - a potion of might
 e - 5 potions of curing
 g - a potion of haste
 i - a potion of berserk rage


   Skills:
 + Level 12.8 Fighting
 * Level 17.1 Polearms
 + Level 12.8 Armour
 - Level 3.6 Shields


You had 8 spell levels left.
You didn't know any spells.
Your spell library was empty.

Dungeon Overview and Level Annotations

Branches:
Dungeon (1/1)

Altars:
Cheibriados
Dithmenos
Elyvilon
Fedhas
Gozag
Hepliaklqana
Kikubaaqudgha
Makhleb
Nemelex Xobeh
Okawaru
Qazlal
Ru
Sif Muna
Trog
Uskayaw
Vehumet
Wu Jian
Xom
Yredelemnul
Zin
The Shining One
Jiyva
Lugonu


Innate Abilities, Weirdness & Mutations

You have a pair of horns on your head.
You reflexively headbutt those who attack you in melee.


Message History

The efreet is heavily wounded.
The efreet gestures at you. The bolt of fire misses you.
The slime creature is engulfed in blazing flames.
You impale the efreet!!
You kill the efreet!
Your Polearms skill increases to level 17!
You have reached level 9!
Your experience leads to an increase in your attributes!
Your base attributes are Str 24, Int 5, Dex 9.
Increase (S)trength, (I)ntelligence, or (D)exterity?
You feel stronger. x2
The slime creature is no longer distracted by gold.
You puncture the slime creature! You headbutt the slime creature.
The slime creature is almost dead.
The slime creature completely misses you.
You puncture the slime creature!
You kill the slime creature!
Reach: a) +0 trident
Press: ? - help, Dir - move target, f - two-headed ogre
Aim: a two-headed ogre, wielding two +0 giant clubs (about 20% to evade your +0 trident)
You reach to attack!
You puncture the two-headed ogre!
The two-headed ogre is lightly wounded.
You puncture the two-headed ogre!
The two-headed ogre is moderately wounded.
The two-headed ogre hits you with a +0 giant club!
* * * LOW HITPOINT WARNING * * *
The two-headed ogre hits you with a +0 giant club!
* * * LOW HITPOINT WARNING * * *
You hit the two-headed ogre. You headbutt the two-headed ogre.
The two-headed ogre is heavily wounded.
You puncture the two-headed ogre! You headbutt the two-headed ogre.
The two-headed ogre is severely wounded.
You puncture the two-headed ogre!
The two-headed ogre is almost dead.
The two-headed ogre hits you with a +0 giant club!
* * * LOW HITPOINT WARNING * * *
The two-headed ogre hits you with a +0 giant club.
You die...
Your body crumbles into a pile of gold.

▓+▓
▓.▓
▓.▓
▓.▓
▓.▓
▓T▓
▓O▓
▓@▓
▓.▓
▓.▓
▓.▓
▓.▓
▓.▓
▓.▓
▓)▓
▓.▓


You could see a two-headed ogre and a troll.

Vanquished Creatures
  A two-headed ogre (D)
  A gargoyle (D)
  An unseen horror (D)
  An efreet (D)
  A slime creature (D)
  A yak (D)
  A vampire mosquito (D)
  A water moccasin (D)
  2 black bears (D)
  A killer bee (D)
  2 orc wizards (D)
  2 adders (D)
  A dart slug (D)
  2 endoplasms (D)
  A quokka (D)
  A goblin (D)
20 creatures vanquished.

Notes
Turn   | Place    | Note
-------+----------+-------------------------------------------
     0 | D        | Heoruswealwe the Minotaur Fighter began the quest for the
                  | Orb.
     0 | D        | Reached XP level 1. HP: 19/19 MP: 0/0
     8 | D        | Reached skill level 3 in Polearms
    18 | D        | Reached skill level 4 in Polearms
    24 | D        | Noticed a water moccasin
    24 | D        | Noticed a black bear
    24 | D        | Noticed a black bear
    29 | D        | Killed a black bear
    30 | D        | Reached skill level 7 in Polearms
    30 | D        | Reached XP level 2. HP: 27/31 MP: 1/1
    30 | D        | Reached XP level 3. HP: 33/38 MP: 2/2
    30 | D        | Reached XP level 4. HP: 39/45 MP: 3/3
    35 | D        | Killed a black bear
    36 | D        | Reached skill level 9 in Polearms
    36 | D        | Reached XP level 5. HP: 22/52 MP: 4/4
    47 | D        | Killed a water moccasin
    48 | D        | Reached skill level 11 in Polearms
    48 | D        | Reached XP level 6. HP: 46/62 MP: 5/5
    57 | D        | Found a snail-covered altar of Cheibriados.
    57 | D        | Found a shadowy altar of Dithmenos.
    57 | D        | Found a white marble altar of Elyvilon.
    57 | D        | Found a blossoming altar of Fedhas.
    57 | D        | Found an opulent altar of Gozag.
    58 | D        | Found a hazy altar of Hepliaklqana.
    59 | D        | Found a viscous altar of Jiyva.
    60 | D        | Found an ancient bone altar of Kikubaaqudgha.
    61 | D        | Found a corrupted altar of Lugonu.
    62 | D        | Found a burning altar of Makhleb.
    63 | D        | Found a sparkling altar of Nemelex Xobeh.
    64 | D        | Found an iron altar of Okawaru.
    65 | D        | Became a worshipper of Gozag Ym Sagoz the Greedy
    66 | D        | Found a stormy altar of Qazlal.
    67 | D        | Found a sacrificial altar of Ru.
    68 | D        | Found a shimmering blue altar of Sif Muna.
    69 | D        | Found a bloodstained altar of Trog.
    70 | D        | Found a hide-covered altar of Uskayaw.
    71 | D        | Found a radiant altar of Vehumet.
    72 | D        | Found an ornate altar of the Wu Jian Council.
    73 | D        | Found a shimmering altar of Xom.
    74 | D        | Found a basalt altar of Yredelemnul.
    75 | D        | Found a glowing silver altar of Zin.
    76 | D        | Found a glowing golden altar of the Shining One.
   145 | D        | Noticed a two-headed ogre
   145 | D        | Noticed a yak
   151 | D        | Killed a yak
   152 | D        | Reached skill level 12 in Polearms
   157 | D        | Reached XP level 7. HP: 60/71 MP: 6/6
   177 | D        | Killed an unseen horror
   178 | D        | Reached skill level 10 in Fighting
   178 | D        | Reached skill level 14 in Polearms
   178 | D        | Reached skill level 10 in Armour
   181 | D        | HP: 3/73 [two-headed ogre/+0 dire flail (14)]
   184 | D        | Killed a two-headed ogre
   185 | D        | Reached skill level 15 in Polearms
   185 | D        | Reached XP level 8. HP: 27/83 MP: 7/7
   363 | D        | Noticed a two-headed ogre
   363 | D        | Noticed a troll
   363 | D        | Noticed a slime creature
   363 | D        | Noticed an efreet
   363 | D        | Noticed a gargoyle
   366 | D        | Reached skill level 16 in Polearms
   371 | D        | Killed a gargoyle
   377 | D        | Killed an efreet
   378 | D        | Reached skill level 17 in Polearms
   378 | D        | Reached XP level 9. HP: 33/92 MP: 8/8
   385 | D        | Slain by a two-headed ogre

Illustrated notes

Levels and vault maps discovered:
D:        linesprint [early_d, line_temple, items_1, d_10, items_2, lair_1,
          lair_end, items_3, orc_1, orc_end, items_4, d_15, swamp_1, shoals_1,
          snake_1, spider_1, d_20, vaults_1, items_5, swamp_end, shoals_end,
          snake_end, spider_end, vaults_end, d_27, items_6, zot_1, zot_end,
          crypt_end, forest_end, elf_end, slime_end, tomb_end, abyss_end,
          pan_hell_end]

Skill      XL: |  1  2  3  4  5  6  7  8 |
---------------+-------------------------+-----
Polearms       | 7 9 11 12 15 17 | 17.1
Fighting       | 6 7 8 9 11 12 | 12.8
Armour         | 6 7 8 9 11 12 | 12.8
Shields        | |  3.6

Action                     |  1- 3 |  4- 6 |  7- 9 || total
---------------------------+-------+-------+-------++-------
  Melee: Trident           |    19 |    30 |    44 ||    93
         Headbutt          |     7 |     4 |    12 ||    23
    Use: Potion            |       |     1 |     2 ||     3
 Armour: Scale mail        |    13 |    22 |    34 ||    69
  Dodge: Dodged            |     7 |    13 |     8 ||    28
  Block: Buckler           |     4 |     3 |     2 ||     9
